 Dungeon Sprint DCSS version 0.21.1-1-g345015f (webtiles) character file.

14451 Fang the Executioner (level 11, -1/121 HPs)
             Began as a Minotaur Berserker on June 5, 2018.
             Was the Champion of Trog.
             Slain by an ogre
             ... wielding a +0 giant club
              (10 damage)
             ... in the Dungeon (Sprint IX: "|||||||||||||||||||||||||||||").
             The game lasted 00:06:11 (2316 turns).

Fang the Executioner (Minotaur Berserker)           Turns: 2316, Time: 00:06:11

Health: -1/121     AC:  5    Str: 31    XL:     11   Next: 88%
Magic:  10/10      EV: 18    Int:  4    God:    Trog [******]
Gold:   1405       SH:  0    Dex: 10    Spells: 10/10 levels left

rFire    . . .     SeeInvis .   j - +6 battleaxe of Toamugec {venom, rN++}
rCold    . . .     Gourm    .   (shield currently unavailable)
rNeg     + + .     Faith    .   x - +1 robe
rPois    .         Spirit   .   (helmet restricted)
rElec    .         Reflect  .   (no cloak)
rCorr    .         Harm     .   (no gloves)
MR       +....     NoTele   +   (no boots)
Stlth    +++.......             (no amulet)
HPRegen  0.30/turn              o - +3 ring of strength
MPRegen  0.12/turn              p - +3 ring of strength

@: berserk cooldown, slowed, very slow
A: retaliatory headbutt, horns 2, thin metallic scales 1, blink, magic
resistance 1, sturdy frame 1
a: Blink, Berserk, Trog's Hand, Brothers in Arms, Burn Spellbooks, Renounce
Religion


You were in the Dungeon.
You worshipped Trog.
Trog was exalted by your worship.
You were very hungry.

You visited 1 branch You collected 1405 gold pieces.

Inventory:

Hand Weapons
 j - the +6 battleaxe of Toamugec (weapon) {venom, rN++}
   (Trog gifted it to you in the Dungeon)

   It poisons the flesh of those it strikes.
   It greatly protects you from negative energy.
 n - a +1 broad axe of electrocution
 q - a +4 battleaxe
 u - a +1 war axe of chopping
 v - a +1 executioner's axe of freezing
 w - a +7 antimagic war axe
Missiles
 b - 8 silver javelins (quivered)
Armour
 x - a +1 robe (worn)
Jewellery
 o - a +3 ring of strength (left hand)
 p - a +3 ring of strength (right hand)
Wands
 m - a wand of acid (10)
Scrolls
 i - 4 scrolls of blinking
 l - 4 scrolls of remove curse
 s - 2 scrolls of enchant weapon
 t - 2 scrolls of enchant armour
Potions
 d - 5 potions of curing
 e - 5 potions of heal wounds
 f - 4 potions of haste
 g - 4 potions of magic
 h - a potion of berserk rage
 k - a potion of invisibility
 r - a potion of agility
Comestibles
 c - 11 rations


   Skills:
 + Level 18.5 Fighting
 + Level 22.5 Axes
 + Level 8.4 Armour
 + Level 12.7 Dodging
 + Level 5.8 Stealth


You had 10 spell levels left.
You didn't know any spells.

Dungeon Overview and Level Annotations

Branches:
Dungeon (1/1)

Altars:
Cheibriados
Dithmenos
Elyvilon
Fedhas
Gozag
Hepliaklqana
Kikubaaqudgha
Makhleb
Nemelex Xobeh
Okawaru
Qazlal
Ru
Sif Muna
Trog
Uskayaw
Vehumet
Wu Jian
Xom
Yredelemnul
Zin
The Shining One
Beogh
Jiyva
Lugonu

Shops:
D ?[%=


Innate Abilities, Weirdness & Mutations

You reflexively headbutt those who attack you in melee.
You have a pair of horns on your head.
You are partially covered in thin metallic scales. (AC +2)
You can translocate small distances at will.
You are resistant to hostile enchantments. (MR+)
Your movements are slightly less encumbered by armour. (ER -2)


Message History

Trog grants you a weapon! The two-headed ogre barely misses you.
You furiously retaliate!
You headbutt the two-headed ogre! The two-headed ogre barely misses you.
The two-headed ogre hits you with a giant club!
* * * LOW HITPOINT WARNING * * *
The two-headed ogre closely misses you.
Found 50 gold pieces.
There is an entrance to Pyere's Food Emporium here.
Items here: )))))) ††† Unknown command.
You dice the two-headed ogre like an onion!!!
You kill the two-headed ogre!
Trog accepts your kill.
Unknown command.
You barely miss the ogre. The ogre barely misses you.
Unknown command.
You slash the ogre!
The ogre looks as sick as possible!
The ogre is moderately wounded.
The ogre hits you with a giant club!
You die...

▓)▓.▓÷▓.▓.▓
▓)▓.▓.▓.▓?▓
▓)▓.▓.▓.▓|▓
▓)▓.▓÷▓.▓)▓
▓∩▓.▓.▓.▓[▓
▓.▓.▓.▓.▓[▓
▓∩▓.▓.▓.▓(▓
▓)▓.▓.▓.▓.▓
▓@▓.▓.▓.▓.▓
▓O▓.▓.▓.▓'▓
▓∩▓.▓.▓.▓)▓
▓$▓.▓.▓.▓.▓
▓$▓.▓'▓.▓.▓
▓$▓.▓.▓.▓)▓
▓$▓.▓.▓.▓.▓
▓$▓.▓[▓.▓)▓
▓.▓[▓.▓(▓


You could see an ogre.

Vanquished Creatures
  3 ogre magi (D)
  7 two-headed ogres (D)
  5 orc knights (D)
  A cyclops (D)
  Psyche (D)
  2 spiny frogs (D)
  A troll (D)
  3 polar bears (D)
  2 hippogriffs (D)
  A shadow (D)
  3 yaks (D)
  2 water moccasins (D)
  3 porcupines (D)
  5 black bears (D)
  8 orc warriors (D)
  2 centaurs (D)
  A crocodile (D)
  2 ogres (D)
  A big kobold (D)
  6 bullfrogs (D)
  A killer bee (D)
  A wight (D)
  A howler monkey (D)
  2 crimson imps (D)
  3 orc priests (D)
  3 orc wizards (D)
  An adder (D)
  A shadow imp (D)
  7 orcs (D)
  A giant cockroach (D)
  2 goblins (D)
  A jackal (D)
  A giant cockroach zombie (D)
  A kobold (D)
  A rat (D)
86 creatures vanquished.

Notes
Turn   | Place    | Note
-------+----------+-------------------------------------------
     0 | D        | Fang the Minotaur Berserker began the quest for the Orb.
     0 | D        | Reached XP level 1. HP: 19/19 MP: 0/0
    10 | D        | Reached skill level 4 in Axes
    14 | D        | Reached ** piety under Trog
   181 | D        | Noticed a crimson imp
   181 | D        | Noticed a crimson imp
   190 | D        | Killed a crimson imp
   190 | D        | Reached skill level 5 in Axes
   190 | D        | Reached XP level 2. HP: 30/30 MP: 1/1
   190 | D        | Reached XP level 3. HP: 37/37 MP: 2/2
   192 | D        | Reached *** piety under Trog
   198 | D        | Reached skill level 6 in Axes
   198 | D        | Reached XP level 4. HP: 34/47 MP: 3/3
   200 | D        | Reached skill level 7 in Axes
   225 | D        | Found a roughly hewn altar of Beogh.
   225 | D        | Found a snail-covered altar of Cheibriados.
   225 | D        | Found a shadowy altar of Dithmenos.
   225 | D        | Found a white marble altar of Elyvilon.
   225 | D        | Found a blossoming altar of Fedhas.
   225 | D        | Found an opulent altar of Gozag.
   226 | D        | Found a hazy altar of Hepliaklqana.
   227 | D        | Found a viscous altar of Jiyva.
   228 | D        | Found an ancient bone altar of Kikubaaqudgha.
   229 | D        | Found a corrupted altar of Lugonu.
   230 | D        | Found a burning altar of Makhleb.
   231 | D        | Found a sparkling altar of Nemelex Xobeh.
   232 | D        | Found an iron altar of Okawaru.
   233 | D        | Found a stormy altar of Qazlal.
   234 | D        | Found a sacrificial altar of Ru.
   235 | D        | Found a deep blue altar of Sif Muna.
   236 | D        | Found a bloodstained altar of Trog.
   237 | D        | Found a hide-covered altar of Uskayaw.
   238 | D        | Found a radiant altar of Vehumet.
   239 | D        | Found an ornate altar of the Wu Jian Council.
   240 | D        | Found a shimmering altar of Xom.
   241 | D        | Found a basalt altar of Yredelemnul.
   242 | D        | Found a glowing silver altar of Zin.
   243 | D        | Found a glowing golden altar of the Shining One.
   276 | D        | Noticed a centaur
   276 | D        | Noticed a big kobold
   276 | D        | Noticed a centaur
   279 | D        | Killed a centaur
   279 | D        | Reached **** piety under Trog
   279 | D        | Reached skill level 8 in Axes
   279 | D        | Reached skill level 5 in Dodging
   279 | D        | Reached XP level 5. HP: 56/56 MP: 4/4
   280 | D        | Reached skill level 9 in Axes
   280 | D        | Reached skill level 5 in Armour
   282 | D        | Reached skill level 10 in Axes
   282 | D        | Reached XP level 6. HP: 66/66 MP: 5/5
   288 | D        | Reached ***** piety under Trog
   288 | D        | Reached skill level 10 in Fighting
   290 | D        | Reached skill level 11 in Axes
   363 | D        | Noticed a troll
   363 | D        | Noticed a cyclops
   363 | D        | Noticed a shadow
   366 | D        | Received a gift from Trog
   368 | D        | Killed a troll
   368 | D        | Reached skill level 12 in Axes
   368 | D        | Reached XP level 7. HP: 74/74 MP: 6/6
   371 | D        | Reached skill level 1 in Stealth
   377 | D        | Killed a cyclops
   377 | D        | Reached skill level 13 in Axes
   377 | D        | Reached XP level 8. HP: 76/85 MP: 7/7
   613 | D        | Gained mutation: You can translocate small distances at will. [potion of mutation]
   613 | D        | Gained mutation: Your movements are slightly less encumbered by armour. (ER -2) [potion of mutation]
   613 | D        | Gained mutation: You are resistant to hostile enchantments. (MR+) [potion of mutation]
   613 | D        | Gained mutation: You are partially covered in thin metallic scales. (AC +2) [potion of mutation]
   614 | D        | Noticed a spiny frog
   614 | D        | Noticed a spiny frog
   614 | D        | Noticed a hippogriff
   617 | D        | Reached skill level 14 in Axes
   624 | D        | Killed a spiny frog
   627 | D        | Killed a spiny frog
   627 | D        | Received a gift from Trog
   627 | D        | Reached skill level 15 in Axes
   627 | D        | Reached XP level 9. HP: 94/94 MP: 8/8
   636 | D        | Reached skill level 16 in Axes
   962 | D        | Reached ****** piety under Trog
   966 | D        | Received a gift from Trog
   976 | D        | Reached skill level 17 in Axes
   979 | D        | Reached skill level 15 in Fighting
   993 | D        | Got a brightly glowing battleaxe {god gift}
   994 | D        | Identified the +6 battleaxe of Toamugec {venom, rN++} (Trog gifted it to you in the Dungeon)
  1057 | D        | Noticed a polar bear
  1057 | D        | Noticed a polar bear
  1058 | D        | Noticed a polar bear
  1062 | D        | Killed a polar bear
  1062 | D        | Received a gift from Trog
  1068 | D        | Killed a polar bear
  1068 | D        | Reached skill level 10 in Dodging
  1068 | D        | Reached XP level 10. HP: 105/105 MP: 9/9
  1074 | D        | Reached skill level 18 in Axes
  1079 | D        | Received a gift from Trog
  1348 | D        | Noticed Psyche
  1356 | D        | Killed Psyche
  1427 | D        | Noticed an orc knight
  1441 | D        | Killed an orc knight
  1443 | D        | Received a gift from Trog
  1459 | D        | Received a gift from Trog
  1461 | D        | Received a gift from Trog
  1838 | D        | Noticed an orc knight
  1838 | D        | Noticed an orc knight
  1838 | D        | Noticed an orc knight
  1838 | D        | Noticed an orc knight
  1843 | D        | Killed an orc knight
  1843 | D        | Reached skill level 19 in Axes
  1846 | D        | Killed an orc knight
  1851 | D        | Killed an orc knight
  1856 | D        | Killed an orc knight
  1858 | D        | Reached skill level 20 in Axes
  1862 | D        | Received a gift from Trog
  1875 | D        | Reached XP level 11. HP: 39/116 MP: 10/10
  2271 | D        | Found Coschis's Magic Scroll Emporium.
  2271 | D        | Noticed an ogre mage
  2271 | D        | Noticed a two-headed ogre
  2271 | D        | Noticed a two-headed ogre
  2271 | D        | Noticed a two-headed ogre
  2273 | D        | Noticed an ogre mage
  2277 | D        | Killed an ogre mage
  2277 | D        | Received a gift from Trog
  2277 | D        | Reached skill level 5 in Stealth
  2278 | D        | Noticed an ogre mage
  2279 | D        | Killed a two-headed ogre
  2280 | D        | Found Beolival's Armour Shoppe.
  2281 | D        | Killed a two-headed ogre
  2281 | D        | Reached skill level 21 in Axes
  2283 | D        | Killed a two-headed ogre
  2284 | D        | Found Pyere's Food Emporium.
  2287 | D        | Killed an ogre mage
  2287 | D        | Received a gift from Trog
  2296 | D        | Killed an ogre mage
  2297 | D        | Found Tudiez's Jewellery Shoppe.
  2299 | D        | Noticed a two-headed ogre
  2301 | D        | Noticed a two-headed ogre
  2302 | D        | Noticed a two-headed ogre
  2306 | D        | Killed a two-headed ogre
  2306 | D        | Reached skill level 22 in Axes
  2307 | D        | Noticed a two-headed ogre
  2308 | D        | Killed a two-headed ogre
  2312 | D        | Killed a two-headed ogre
  2312 | D        | Received a gift from Trog
  2314 | D        | Killed a two-headed ogre
  2316 | D        | Slain by an ogre

Skill      XL: |  1  2  3  4  5  6  7  8  9 10 11 |
---------------+----------------------------------+-----
Axes           | 5 6 8 10 12 13 15 17 20 22 | 22.5
Fighting       | 6 7 8 9 11 12 13 15 16 18 | 18.5
Armour         | 3 4 5 6 7 8 |  8.4
Dodging        | 3 4 5 6 7 8 10 11 12 | 12.7
Stealth        | 1 3 4 5 |  5.8

Action                   |  1- 3 |  4- 6 |  7- 9 | 10-12 || total
-------------------------+-------+-------+-------+-------++-------
Melee: Hand axe          |    28 |     3 |       |       ||    31
       Headbutt          |     2 |     5 |    13 |    22 ||    42
       Broad axe         |       |    13 |     8 |       ||    21
       Battleaxe         |       |       |    29 |   103 ||   132
       War axe           |       |       |    22 |       ||    22
Invok: Berserk           |     1 |     2 |     3 |     3 ||     9
  Use: Potion            |       |       |     1 |       ||     1
       Scroll            |       |       |       |     1 ||     1
  Eat: Chunk             |       |       |     5 |     6 ||    11
Armor: Animal skin       |     5 |       |     4 |     5 ||    14
       Robe              |       |       |       |     2 ||     2
Dodge: Dodged            |    11 |    11 |    21 |    50 ||    93
